AoeStats
← John Hawkwood

Arabia

508342728Analyzed
1v1 RM · 10d ago on Sep 22, 2026· 29m 14s· 2 players
Game mode
Random Map
Map size
Tiny (2 player)
Population
200
Speed
Normal
Resources
Standard
Victory
Conquest
Starting age
Dark Age
Ending age
Imperial Age
RankedLock teamsTeams togetherTeam positionsShared explorationLock speedFull tech treeHidden civsTurbo modeCheats
Victory
Defeat
🇨🇱 Bulgarians · Chile
1113
+14
🇺🇸 Mongols · United States
1069
-14
John Hawkwood
7:33 Loom
9:45 Feudal Age
14:00 Fletching
21:06 Castle Age
24:37 Double-Bit Axe
28:53 Bloodlines
LRNI | Moises
5:50 Loom
10:09 Feudal Age
10:44 Double-Bit Axe
12:45 Horse Collar
13:17 Scale Barding Armor
14:14 Forging
14:51 Bloodlines
16:42 Wheelbarrow
23:12 Castle Age
22:18 Fletching
22:28 Padded Archer Armor
23:16 Town Watch
23:25 Stone Mining
23:28 Gold Mining
25:19 Gold Shaft Mining
24:56 Bow Saw
25:41 Heavy Plow
30:16 Iron Casting
Connection lost

Rejoining the realm…

Still unreachable

The connection could not be restored.

Session expired

The server has moved on; the page needs a fresh start.